AoeStats
← [La14]Uvita

Arabia

508935084Analyzed
1v1 RM · 8d ago on Sep 24, 2026· 58m 15s· 2 players
Game mode
Random Map
Map size
Tiny (2 player)
Population
200
Speed
Normal
Resources
Standard
Victory
Conquest
Starting age
Dark Age
Ending age
Imperial Age
RankedLock teamsTeams togetherTeam positionsShared explorationLock speedFull tech treeHidden civsTurbo modeCheats
Victory
Defeat
🇨🇭 Poles · Switzerland
842
+18
🇦🇷 Aztecs · Argentina
876
-18
[La14]Uvita
5:44 Loom
10:09 Feudal Age
10:41 Double-Bit Axe
10:49 Gold Mining
15:47 Scale Mail Armor
16:05 Forging
20:02 Castle Age
18:25 Fletching
19:32 Horse Collar
20:06 Eagle Warrior
20:32 Crossbowman
22:40 Squires
22:49 Padded Archer Armor
23:15 Bodkin Arrow
23:37 Town Watch
24:46 Eagle Warrior
25:59 Scale Mail Armor
27:17 Stone Mining
30:42 Fervor
32:55 Iron Casting
33:03 Wheelbarrow
32:41 Town Watch
34:47 Heavy Plow
36:35 Ballistics
38:19 Chain Mail Armor
41:34 Leather Archer Armor
45:23 Imperial Age
46:29 Conscription
46:33 Pikeman
53:57 Arbalester
57:14 Blast Furnace
IPREDATOR
3:32 Loom
10:59 Feudal Age
11:33 Double-Bit Axe
12:52 Wheelbarrow
13:12 Stone Mining
14:06 Man-at-Arms
21:47 Gold Mining
22:45 Horse Collar
25:46 Castle Age
23:51 Scale Mail Armor
26:24 Forging
26:52 Chain Mail Armor
27:17 Stone Shaft Mining
27:07 Squires
28:03 Hand Cart
31:13 Bow Saw
32:24 Heavy Plow
33:04 Iron Casting
36:12 Ballistics
39:47 Arson
39:56 Treadmill Crane
40:27 Fortified Wall
40:28 Masonry
41:35 Fletching
43:00 Szlachta Privileges
44:02 Husbandry
44:14 Bloodlines
44:19 Bodkin Arrow
46:36 Scale Barding Armor
53:56 Chain Barding Armor
57:32 Imperial Age
57:45 Elite Obuch
Connection lost

Rejoining the realm…

Still unreachable

The connection could not be restored.

Session expired

The server has moved on; the page needs a fresh start.